 Dungeon Crawl Stone Soup version 0.29-a0-542-g075992c915 (webtiles) character file.

Game seed: 12481959301779529586

7 oldriver the Sneak (level 1, -3/19 HPs)
             Began as a Palentonga Delver on June 5, 2022.
             Slain by a lemure (8 damage)
             ... led by Pikel
             ... on level 4 of the Dungeon.
             The game lasted 00:01:08 (419 turns).

oldriver the Sneak (Palentonga Delver)               Turns: 419, Time: 00:01:08

Health: -3/19      AC:  4    Str: 15    XL:     1   Next: 83%
Magic:  1/1        EV:  9    Int: 10    God:
Gold:   11         SH:  0    Dex: 11    Spells: 0/0 levels left

rFire   . . .      SeeInvis +   a - +0 hand axe
rCold   . . .      Faith    .   (no shield)
rNeg    . . .      Spirit   .   b - +0 leather armour
rPois   .          Reflect  .   (no helmet)
rElec   .          Harm     .   (no cloak)
rCorr   .          Rampage  .   (no gloves)
Will    .....                   (no barding)
Stlth   ++........              (no amulet)
HPRegen 0.06/turn               (no ring)
MPRegen 0.07/turn               (no ring)

@: no status effects
A: large, rugged brown scales 3, see invisible, deformed body, roll 1, armoured
tail
a: Rolling Charge


You were on level 4 of the Dungeon.
You visited 1 branch of the dungeon, and saw 2 of its levels.

You collected 11 gold pieces.

Inventory:

Hand Weapons
 a - a +0 hand axe (weapon)
Armour
 b - a +0 leather armour (worn)
Wands
 g - a wand of digging (3)
Scrolls
 c - a scroll of fog
 d - a scroll of magic mapping
 e - a scroll of fear
 h - 3 scrolls of identify
Potions
 f - a potion of haste


   Skills:
 + Level 3.2 Fighting
 + Level 2.3 Axes
 - Level 1.5 Dodging
 - Level 3.3 Stealth


You couldn't memorise any spells.
You didn't know any spells.
Your spell library was empty.

Dungeon Overview and Level Annotations

Branches:
Dungeon (5/15)
 Temple: D:4-7

Altars:

Shops:
D:4 *

Annotations:
D:5 Pikel


Innate Abilities, Weirdness & Mutations

You are completely covered in rugged brown scales. (AC +3, +7% HP)
You have supernaturally acute eyesight. (SInv)
Armour fits poorly on your strangely shaped body.
You can roll at nearby foes to attack.
You have a long armoured tail.


Message History

HP restored.
You open the door.
There is an open door here.
h - 4 scrolls labelled LOARCHIVEOF (gained 1)
You open the door.
There is an open door here.
As you read the scroll labelled LOARCHIVEOF, it crumbles to dust.
It is a scroll of identify.
You don't have any unidentified items.
A lemure comes into view.
The lemure shouts!
You hear a shout!
A lemure comes into view.
You hear a shout!
Pikel and a lemure come into view.
Pikel is wielding a +1 whip of freezing.
Found a scroll labelled LUMEULI NUTYHA.
Pikel shouts!
You barely miss the lemure. You closely miss the lemure. The lemure hits you.
A lemure comes into view.
The lemure hits you. The lemure attacks as you move away! The lemure hits you.
The lemure attacks as you move away! The lemure hits you but does no damage.
Pikel says, "Hell isn't that bad."
The lemure attacks as you move away! The lemure hits you.
Found an escape hatch in the ceiling.
There is an escape hatch in the ceiling here.
The lemure barely misses you. A mysterious force pulls you upwards.
The hatch slams shut behind you.
Found 8 gold pieces.
Found Riseudicy's General Store.
You hit the lemure.
Your tail-slap misses the lemure.
The lemure is lightly wounded.
The lemure hits you.
You closely miss the lemure.
The lemure is lightly wounded.
The lemure hits you.
* * * LOW HITPOINT WARNING * * *
You hit the lemure.
The lemure is heavily wounded.
The lemure hits you!
You die...

. .. #######.#.
.#####.........
...............
#.@......#
.......5.......
...........$..#
...............
......∩........
#.............#
#.............#
#.....###.###..


You could see a lemure.

Vanquished Creatures
  An ufetubus (D:5)
  A quokka (D:5)
2 creatures vanquished.

Notes
Turn   | Place    | Note
-------+----------+-------------------------------------------
     0 | D:5      | oldriver the Palentonga Delver began the quest for the Orb.
     0 | D:5      | Reached XP level 1. HP: 19/19 MP: 1/1
    42 | D:5      | Noticed a scorpion
    85 | D:5      | Noticed a scorpion
   131 | D:5      | Noticed a scorpion
   402 | D:5      | Noticed a lemure
   402 | D:5      | Noticed a lemure
   403 | D:5      | Noticed Pikel
   403 | D:5      | Noticed a lemure
   404 | D:5      | Noticed a lemure
   416 | D:4      | Found Riseudicy's General Store.
   419 | D:4      | Slain by a lemure

Illustrated notes

Levels and vault maps discovered:
D:4:      layout_rooms, serial_shops, shop
D:5:      layout_basic, kennysheep_generic_room_9, uniq_pikel, uniq_menkaure,
          uniq_blork_the_orc

Action                   || total
-------------------------++-------
Melee: Hand axe          ||    10
       Tailslap          ||     1
  Use: Scroll            ||     1
 Stab: Sleeping          ||     1
Armor: Leather armour    ||     3
Dodge: Dodged            ||    10

Table legend: (Time is in decaauts)
 A = Elapsed time spent in this place.
 B = Non-inter-level travel time spent in this place.
 C = Inter-level travel time spent in this place.
 D = Time resting spent in this place.
 E = Time spent auto-exploring this place.
 F = Levels seen in this place.
 G = Mean time per level.
                   A        B        C        D        E       F      G
               +--------+--------+--------+--------+--------+-----+--------+
         Total |    420 |    382 |     38 |    159 |      0 |   2 |  210.0 |
       Dungeon |    420 |    382 |     38 |    159 |      0 |   2 |  210.0 |
               +--------+--------+--------+--------+--------+-----+--------+

Top non-repeatable levels by time:
     D:5: 417 daAuts
     D:4: 3 daAuts
